 Dungeon Crawl Stone Soup version 0.20.1-1-g8b1a95d (webtiles) character file.

194 Monsterracer the Chiller (level 5, -3/37 HPs)
             Began as a Barachi Ice Elementalist on Aug 21, 2017.
             Slain by a gnoll
             ... wielding a +0 halberd
              (14 damage)
             ... on level 2 of the Dungeon.
             The game lasted 00:05:53 (3212 turns).

Monsterracer the Chiller (Barachi Ice Elementalist) Turns: 3212, Time: 00:05:54

Health: -3/37      AC: 14    Str:  9    XL:     5   Next: 73%
Magic:  6/9        EV: 12    Int: 16    God:
Gold:   87         SH:  0    Dex: 13    Spells: 0/10 levels left

rFire    . . .     SeeInvis .   n - +1 flail (protect)
rCold    . . .     Gourm    .   (no shield)
rNeg     . . .     Faith    .   a - +0 robe
rPois    .         Spirit   .   (no helmet)
rElec    .         Reflect  .   (no cloak)
rCorr    .         Harm     .   (no gloves)
MR       .....                  (no boots)
Stlth    ++........             (no amulet)
Regen    0.2/turn               (no ring)
MPRegen  0.2/turn               (no ring)

@: icy armour, protection aura, very slow
A: +LOS, swims, slowness 1, strong legs 1
a: Hop


You were on level 2 of the Dungeon.
You were hungry.

You visited 1 branch of the dungeon, and saw 3 of its levels.

You collected 87 gold pieces.

Inventory:

Hand Weapons
 n - a +1 flail of protection (weapon)
Armour
 a - a +0 robe (worn)
Wands
 m - a wand of clouds (5/9)
 r - a wand of polymorph (9/24)
Scrolls
 d - 4 scrolls of teleportation {unknown}
 e - 2 scrolls of random uselessness {unknown}
 f - 4 scrolls of amnesia {unknown}
 j - a scroll of remove curse {unknown}
 q - a scroll of enchant armour {unknown}
 u - a scroll of identify {unknown}
 v - a scroll of enchant weapon {unknown}
Potions
 h - 2 potions of berserk rage {unknown}
 l - a potion of haste {unknown}
 o - a potion of degeneration {unknown}
 p - a potion of resistance {unknown}
 t - a potion of lignification {unknown}
Books
 b - a book of Frost

   Spells                             Type                      Level
   a - Freeze                         Ice                          1
   b - Throw Frost                    Conjuration/Ice              2
   c - Ozocubu's Armour               Charms/Ice                   3
   d - Throw Icicle                   Conjuration/Ice              4
   e - Summon Ice Beast               Ice/Summoning                4
Comestibles
 c - 2 bread rations
 g - 2 royal jellies
 i - 3 meat rations
 k - 4 fruits


   Skills:
 + Level 1.2 Fighting
 + Level 0.4 Maces & Flails
 - Level 2.1 Dodging
 - Level 1.7 Stealth
 + Level 3.2 Spellcasting
 + Level 2.6 Conjurations
 + Level 0.5 Summonings
 * Level 5.8 Ice Magic


You couldn't memorise any spells.
You knew the following spells:

 Your Spells              Type           Power        Failure   Level  Hunger
a - Freeze                Ice            ###.         1%          1    None
b - Throw Frost           Conj/Ice       ###...       4%          2    ##.....
c - Ozocubu's Armour      Chrm/Ice       ##......     16%         3    ###....
d - Summon Ice Beast      Ice/Summ       ##......     43%         4    ####...


Dungeon Overview and Level Annotations

Branches:
Dungeon (3/15)

Altars:


Innate Abilities, Weirdness & Mutations

Shadows flee at your approach. (+LOS)
You can swim through water.
You cover ground slowly.
You can hop short distances.


Message History

Damage: -11%(-4hp) hp: 79%(29hp)
The gnoll hits you with a club. The gnoll closely misses you.
The gnoll completely misses you.
You see here a stone.
Damage: -6%(-2hp) hp: 73%(27hp)
You hit the gnoll.
Your weapon exudes an aura of protection.
The gnoll is lightly wounded.
The gnoll hits you from afar with a halberd!
* * * LOW HITPOINT WARNING * * *
The gnoll hits you with a club.
* * * LOW HITPOINT WARNING * * *
The gnoll closely misses you.
You hear a shout!
Huge Dmg: -43%(-16hp) hp: 30%(11hp)
You hit the gnoll.
The gnoll is heavily wounded.
The gnoll hits you but does no damage.
The gnoll hits you from afar with a halberd!
You die...

### # ..# #.# #.#### ...
#.##.##
.##.###.#...############
.##.ggg.....(...........
##.##.###@#...###### #...
#.... #(##.## #.#. #
#.........##.# #.#.
#.##.###.######.# #.#.
#........# ##'## #... ##.#
##...## #)## #.## ##.....##
##.# #..## ##.......##
##..##
##...####.........####.....


You could see 3 gnolls.

Vanquished Creatures
  Jessica (D:2)
  Natasha (twice) (D:2)
  2 adders
  A gnoll (D:2)
  2 worms
  2 dart slugs (D:1)
  2 leopard geckos
  2 orcs (D:3)
  2 ball pythons
  7 bats
  7 giant cockroaches
  5 goblins
  3 hobgoblins
  10 jackals
  13 kobolds
  A quokka (D:2)
  12 rats
74 creatures vanquished.

Vanquished Creatures (others)
  A plant (D:3)
1 creature vanquished.

Grand Total: 75 creatures vanquished

Notes
Turn   | Place    | Note
-------+----------+-------------------------------------------
     0 | D:1      | Monsterracer the Barachi Ice Elementalist began the quest for the Orb.
     0 | D:1      | Reached XP level 1. HP: 13/13 MP: 3/3
   160 | D:1      | Reached skill level 4 in Ice Magic
   194 | D:1      | Reached XP level 2. HP: 18/19 MP: 0/5
   436 | D:1      | Learned a level 2 spell: Throw Frost
   650 | D:1      | Reached XP level 3. HP: 15/24 MP: 1/6
   761 | D:1      | Learned a level 3 spell: Ozocubu's Armour
   988 | D:2      | HP: 11/24 [jackal (3)]
  1002 | D:2      | HP: 11/24 [bat (1)]
  1288 | D:2      | Noticed Natasha
  1297 | D:2      | HP: 8/24 [Natasha (8)]
  1298 | D:2      | Killed Natasha
  1298 | D:2      | Reached skill level 5 in Ice Magic
  1298 | D:2      | Reached XP level 4. HP: 6/30 MP: 2/8
  1677 | D:2      | Noticed Natasha
  1685 | D:2      | Killed Natasha
  2050 | D:3      | Reached XP level 5. HP: 35/35 MP: 7/9
  2587 | D:3      | Learned a level 4 spell: Summon Ice Beast
  3137 | D:2      | Noticed Jessica
  3145 | D:2      | Killed Jessica
  3145 | D:2      | Reached skill level 1 in Fighting
  3211 | D:2      | HP: 12/37 [gnoll/halberd (16)]
  3212 | D:2      | Slain by a gnoll

Skill      XL: |  1  2  3  4  5 |
---------------+----------------+-----
Ice Magic      | 4 5 |  5.8
Spellcasting   | 3 |  3.2
Conjurations   | 2 |  2.6
Fighting       | 1 |  1.2
Maces & Flails | |  0.4
Dodging        | |  2.1
Stealth        | |  1.7
Summonings     | |  0.5

Action                   |  1- 3 |  4- 6 || total
-------------------------+-------+-------++-------
Melee: Unarmed           |    22 |       ||    22
       Short sword       |     8 |    18 ||    26
       Flail             |       |    72 ||    72
 Cast: Freeze            |    42 |    17 ||    59
       Throw Frost       |     1 |    10 ||    11
       Ozocubu's Armour  |       |     3 ||     3
 Abil: Hop               |       |     1 ||     1
 Stab: Sleeping          |     1 |     3 ||     4
       Distracted        |       |     1 ||     1
  Eat: Chunk             |     2 |     7 ||     9
Armor: Robe              |    15 |    36 ||    51
Dodge: Dodged            |    48 |    80 ||   128
